AoeStats
← tigremaster

Socotra

506909842Analyzed
3v3 RM · 17d ago on Sep 15, 2026· 27m 16s· 6 players
Game mode
Random Map
Map size
128×128
Population
200
Speed
Normal
Resources
Standard
Victory
Conquest
Starting age
Dark Age
Ending age
Imperial Age
RankedLock teamsTeams togetherTeam positionsShared explorationLock speedFull tech treeHidden civsTurbo modeCheats
Victory
Defeat
🇸🇪 Sicilians · Sweden
1356
+15
🇦🇷 Hindustanis · Argentina
1319
+16
🇦🇷 Spanish · Argentina
1181
+22
🇬🇧 Malians · United Kingdom
1345
-19
🇬🇧 Hindustanis · United Kingdom
1314
-17
🇬🇧 Goths · United Kingdom
1295
-17
tafarafa
6:26 Loom
8:53 Feudal Age
10:02 Double-Bit Axe
10:48 Horse Collar
16:38 Forging
17:51 Scale Barding Armor
19:53 Bloodlines
24:01 Castle Age
22:15 Gold Mining
24:33 Town Watch
24:15 Light Cavalry
25:16 Chain Barding Armor
25:10 Bow Saw
25:53 Iron Casting
26:13 Wheelbarrow
[ZCHE] Benja
6:47 Loom
tigremaster
2:25 Loom
10:46 Feudal Age
20:09 Fletching
20:20 Padded Archer Armor
23:13 Double-Bit Axe
23:10 Horse Collar
28:48 Castle Age
Bisty Bear
0:25 Loom
12:47 Feudal Age
27:08 Feudal Age
SpringBokka
6:35 Loom
9:08 Feudal Age
10:20 Double-Bit Axe
11:12 Scale Barding Armor
18:35 Fletching
Bow to your King
4:31 Loom
9:57 Feudal Age
10:58 Double-Bit Axe
12:36 Man-at-Arms
Connection lost

Rejoining the realm…

Still unreachable

The connection could not be restored.

Session expired

The server has moved on; the page needs a fresh start.